 Dungeon Crawl Stone Soup version 0.31.0-2-g5a2aebc5c2 (webtiles) character file.

Game seed: 12840130586724900285

81 EnegeticOcto the Trooper (level 4, -2/40 HPs)
             Began as a Minotaur Fighter on Jan 20, 2024.
             Slain by an acid dragon (7 damage)
             ... on level 4 of the Dungeon.
             The game lasted 00:00:57 (2031 turns).

EnegeticOcto the Trooper (Minotaur Fighter)         Turns: 2031, Time: 00:00:57

Health: -2/40      AC:  3    Str: 23    XL:     4   Next: 20%
Magic:  3/3        EV:  9    Int:  5    God:
Gold:   204        SH:  4    Dex:  9    Spells: 3/3 levels left

rFire   . . .        a - +0 war axe
rCold   . . .        c - +0 buckler
rNeg    . . .        b - +0 scale mail
rPois   .            (helmet restricted)
rElec   .            (no cloak)
rCorr   .            (no gloves)
SInv    .            (no boots)
Will    .....        (no amulet) Stlth
                     (no ring)
HPRegen 0.26/turn    (no ring)
MPRegen 0.08/turn

%: no passive effects
@: corroded
A: horns 2, retaliatory headbutt
a: no special abilities


You were on level 4 of the Dungeon.
You visited 1 branch of the dungeon, and saw 4 of its levels.

You collected 204 gold pieces.

Inventory:

Hand Weapons
 a - a +0 war axe (weapon)
Armour
 b - a +0 scale mail (worn)
 c - a +0 buckler (worn)
Jewellery
 g - a ring of protection from cold
   (You found it on level 2 of the Dungeon)
 j - a ring of protection from fire
   (You found it on level 2 of the Dungeon)
 k - an amulet of reflection
   (You found it on level 2 of the Dungeon)
Scrolls
 f - 2 scrolls of identify {unknown}
 i - a scroll of blinking {unknown}
 m - a scroll of immolation {unknown}
 n - a scroll of fear {unknown}
 p - 2 scrolls of teleportation {unknown}
Potions
 d - a potion of might {@q3}
 e - 2 potions of degeneration {unknown}
 h - 3 potions of curing {unknown}
 l - a potion of berserk rage {unknown}
 o - a potion of resistance {unknown}


   Skills:
 + Level 4.3 Fighting
 * Level 3.8 Axes
 + Level 4.2 Armour
 + Level 4.2 Shields


You had 3 spell levels left.
You didn't know any spells.
Your spell library was empty.

Dungeon Overview and Level Annotations

Branches:
Dungeon (4/15)
 Temple: D:4-7

Altars:

Annotations:
D:3 3 runed translucent doors, diceflayer's ghost, amateur DsFi


Innate Abilities, Weirdness & Mutations

You have a pair of horns on your head.
You reflexively headbutt those who attack you in melee.


Message History

Found a bubbling sapphire potion.
Items here: )) [ †.
You hit the hobgoblin but do no damage.
The hobgoblin hits you but does no damage.
The hobgoblin barely misses you.
You closely miss the hobgoblin. You block the hobgoblin's attack.
A hobgoblin is nearby!
A hobgoblin is nearby!
A hobgoblin is nearby!
You closely miss the hobgoblin. You block the hobgoblin's attack.
You hit the hobgoblin.
You kill the hobgoblin!
No target in view!
No target in view!
No target in view!
n - a scroll labelled HEUWNA DOIQI
Found an escape hatch in the ceiling.
You now have 201 gold pieces (gained 5).
You now have 204 gold pieces (gained 3).
o - a bubbling sapphire potion
There is an escape hatch in the ceiling here.
Found a stone staircase leading down and a stone staircase leading up.
No target in view!
No target in view!
No target in view!
No target in view!
No target in view!
No target in view!
Found a dagger.
h - 3 green potions (gained 1)
Found a hand axe.
There is a stone staircase leading down here.
p - a scroll labelled BILICEASKU
p - 2 scrolls labelled BILICEASKU (gained 1)
You open the door.
There is an open door here.
There is an open door here.
There is a stone staircase leading up here.
A rat comes into view.
A rat is nearby!
The rat bites you but does no damage.
You slash the rat!
You kill the rat!
No target in view!
No target in view!
No target in view!
You see here a rat corpse.
Found a robe.
You see here a rat corpse.
Diceflayer's ghost turns its malevolent gaze towards you.
Could not explore, unopened runed door.
No reachable target in view!
No reachable target in view!
No reachable target in view!
No reachable target in view!
No reachable target in view!
No reachable target in view!
No reachable target in view!
No reachable target in view!
You see here a rat corpse.
There is a stone staircase leading down here.
You climb downwards.
There is a stone staircase leading up here.
An acid dragon is nearby!
An acid dragon is nearby!
You barely miss the acid dragon. The acid dragon bites you.
You block the acid dragon's attack. The acid dragon spits acid at you.
The splash of acid hits you!!
Ouch! That really hurt!
The acid corrodes you!
You are too injured to fight recklessly!
You are too injured to fight recklessly!
You are too injured to fight recklessly!
You are too injured to fight recklessly!
You are too injured to fight recklessly!
You are too injured to fight recklessly!
You are too injured to fight recklessly!
You are too injured to fight recklessly!
You are too injured to fight recklessly!
You hit the acid dragon.
The acid dragon is moderately wounded.
A hound comes into view.
The acid dragon bites you but does no damage.
The acid dragon barely misses you.
You hit the acid dragon.
The acid dragon is heavily wounded.
The acid dragon spits acid at you. The splash of acid hits you!
* * * LOW HITPOINT WARNING * * *
You hit the acid dragon but do no damage.
The acid dragon is heavily wounded.
You block the acid dragon's attack. The acid dragon barely misses you.
You block the acid dragon's attack.
The acid dragon claws you but does no damage.
You slash the acid dragon!
The acid dragon is severely wounded.
A hound comes into view.
The acid dragon bites you!
You die...

+.......#
#.......#
#.........
....#######.<
.###.# #..
#.# # #.# #.#
#@# #.Dhh#
######


You could see an acid dragon (catching breath) and 2 hounds.

Vanquished Creatures
  2 adders (D:3)
  2 dart slugs (D:3)
  2 orcs (D:3)
  6 ball pythons
  4 endoplasms
  3 giant cockroaches
  2 goblins
  4 hobgoblins
  2 jackals (D:2)
  4 quokkas
  8 bats
  7 kobolds
  10 rats
56 creatures vanquished.

Notes
Turn   | Place    | Note
-------+----------+-------------------------------------------
     0 | D:1      | EnegeticOcto the Minotaur Fighter began the quest for the
                  | Orb.
     0 | D:1      | Reached XP level 1. HP: 19/19 MP: 0/0
   173 | D:1      | Reached XP level 2. HP: 27/27 MP: 1/1
   654 | D:1      | Reached XP level 3. HP: 33/33 MP: 2/2
   760 | D:2      | Identified the +0 mace of the Tentacled God {flame, rElec}
   816 | D:2      | You fall into a shaft and drop 2 floors!
   838 | D:4      | Noticed an ogre
  1196 | D:2      | Identified the orb of a Million Things {*channel, rPois
                  | Hexes}
  1535 | D:2      | Reached XP level 4. HP: 39/40 MP: 3/3
  1913 | D:3      | Found a runed translucent gate.
  1913 | D:3      | Found a runed translucent gate.
  1914 | D:3      | Found a runed translucent gate.
  1916 | D:3      | Noticed diceflayer's ghost (amateur DsFi)
  2026 | D:4      | Noticed an acid dragon
  2031 | D:4      | Slain by an acid dragon

Illustrated notes

Levels and vault maps discovered:
D:1:      elethiomel_arrival_infinity_welcomes_careful_drivers, layout_rooms,
          minmay_misc_feat_enclosed, nrook_loot_triangle, minmay_tetromino_l2
D:2:      layout_loops_corners, st_stairs_7
D:3:      layout_basic, gammafunk_ghost_necromancy
D:4:      minmay_chambers_of_twos, layout_rooms, uniq_natasha

Skill      XL: |  1  2  3 |
---------------+----------+-----
Axes           | 3 |  3.8
Armour         | 4 |  4.2
Fighting       | 4 |  4.3
Shields        | 4 |  4.2

Action                     |  1- 3 |  4- 6 || total
---------------------------+-------+-------++-------
  Melee: War axe           |    85 |    25 ||   110
         Headbutt          |     2 |     2 ||     4
 Armour: Scale mail        |    66 |    16 ||    82
  Dodge: Dodged            |    52 |    11 ||    63
  Block: Buckler           |    23 |     6 ||    29
